 Dungeon Crawl Stone Soup version 0.30-a0-715-gdb4ae3ece1 (webtiles) character file.

Game seed: 10756024720668317455

2 tilp the Shield-Bearer (level 1, 0/19 HPs)
             Began as a Meteoran Fighter on Jan 23, 2023.
             Slain by a frilled lizard (3 damage)
             ... on level 1 of the Dungeon.
             The game lasted 00:00:22 (51 turns).

tilp the Shield-Bearer (Meteoran Fighter)             Turns: 51, Time: 00:00:23

Health: 0/19       AC:  6    Str: 17    XL:     1   Next: 57%
Magic:  2/2        EV:  9    Int:  9    God:
Gold:   13         SH:  5    Dex: 13    Spells: 0/0 levels left

rFire   . . .      SeeInvis .    a - +0 long sword
rCold   . . .      Faith    .    c - +0 buckler
rNeg    . . .      Spirit   .    b - +0 scale mail
rPois   .          Reflect  .    (no helmet)
rElec   .          Harm     .    (no cloak)
rCorr   .          Rampage  .    (no gloves)
Will    .....                    (no boots) Stlth
                                 (no amulet)
HPRegen 0.23/turn                (no ring)
MPRegen 0.08/turn                (no ring)

@: glowing
A: sense surroundings 1, otherworldly, glowing, explore regen
a: no special abilities


You were on level 1 of the Dungeon.
You visited 1 branch of the dungeon, and saw 1 of its levels.

You collected 13 gold pieces.

Inventory:

Hand Weapons
 a - a +0 long sword (weapon)
Armour
 b - a +0 scale mail (worn)
 c - a +0 buckler (worn)
Potions
 d - a potion of might


   Skills:
 + Level 3.3 Fighting
 + Level 2.4 Long Blades
 + Level 3.6 Armour
 * Level 0.3 Dodging
 + Level 0.0 Stealth
 + Level 3.6 Shields


You couldn't memorise any spells.
You didn't know any spells.
Your spell library was empty.

Dungeon Overview and Level Annotations

Branches:
Dungeon (1/15) Zot: 543

Altars:


Innate Abilities, Weirdness & Mutations

You passively map a small area around you.
You are easily found by Zot.
You glow in the dark.
You regain HP and MP as you explore.


Message History

You miss the frilled lizard.
The frilled lizard is heavily wounded.
The frilled lizard bites you but does no damage.
You miss the frilled lizard.
The frilled lizard is heavily wounded.
The frilled lizard barely misses you. x2
You closely miss the frilled lizard.
The frilled lizard is heavily wounded.
You block the frilled lizard's attack.
You hit the frilled lizard.
You kill the frilled lizard!
No target in view!
An endoplasm comes into view.
The endoplasm quivers.
An endoplasm is nearby!
You hit the endoplasm but do no damage. The endoplasm freezes you.
You are frozen.
The endoplasm hits you.
You barely miss the endoplasm. The endoplasm hits you.
You are too injured to fight recklessly!
You are too injured to fight recklessly!
You barely miss the endoplasm. The endoplasm freezes you.
You are frozen.
You slash the endoplasm!
You kill the endoplasm!
An endoplasm comes into view.
Found a scroll labelled LODAAK DUVUCS.
The endoplasm quivers.
A frilled lizard comes into view.
Found a club.
The endoplasm freezes you.
You are frozen.
* * * LOW HITPOINT WARNING * * *
You hit the endoplasm but do no damage. The endoplasm hits you.
* * * LOW HITPOINT WARNING * * *
You hit the endoplasm.
The endoplasm is severely wounded.
The frilled lizard bites you.
You die...

*, #.# * #.# ,,
#.# ** . * #.# ,..
* #.########... *
#............ ,
,#####.....l......
,
+........@J......
, , ,
##.###........#.#
* * *, #.#
#####...#... *
##'#######+#.?# #
* *
#..†......,,....
#......... ,,...)
, #......... , #.#
, .######'########
.#
................ ,
*


You could see an endoplasm and a frilled lizard.

Vanquished Creatures
  An endoplasm (D:1)
  A frilled lizard (D:1)
  A rat (D:1)
3 creatures vanquished.

Notes
Turn   | Place    | Note
-------+----------+-------------------------------------------
     0 | D:1      | tilp the Meteoran Fighter began the quest for the Orb.
     0 | D:1      | Reached XP level 1. HP: 19/19 MP: 2/2
    51 | D:1      | Slain by a frilled lizard

Illustrated notes

Levels and vault maps discovered:
D:1:      psy_arrival_basics, layout_basic

Action                     || total
---------------------------++-------
  Melee: Long sword        ||    14
 Armour: Scale mail        ||     4
  Dodge: Dodged            ||     5
  Block: Buckler           ||     1

Table legend: (Time is in decaauts)
 A = Elapsed time spent in this place.
 B = Non-inter-level travel time spent in this place.
 C = Inter-level travel time spent in this place.
 D = Time resting spent in this place.
 E = Time spent auto-exploring this place.
 F = Levels seen in this place.
 G = Mean time per level.
                   A        B        C        D        E       F      G
               +--------+--------+--------+--------+--------+-----+--------+
         Total |     55 |     55 |      0 |      0 |      0 |   1 |   55.0 |
       Dungeon |     55 |     55 |      0 |      0 |      0 |   1 |   55.0 |
               +--------+--------+--------+--------+--------+-----+--------+

Top non-repeatable levels by time:
     D:1: 55 daAuts
